 Dungeon Crawl Stone Soup version 0.31.0-32-g396128a36d (webtiles) character file.

Game seed: 3118179986959852884

2018 Logoto the Cleaver (level 9, -7/78 HPs)
             Began as a Hill Orc Berserker on Mar 28, 2024.
             Was a Believer of Trog.
             Killed by an exploding ufetubus (27 damage)
             ... ignited by their inner flame
             ... on level 6 of the Dungeon.
             The game lasted 00:16:56 (5641 turns).

Logoto the Cleaver (Hill Orc Berserker)             Turns: 5641, Time: 00:16:56

Health: -7/78      AC: 18    Str: 24    XL:     9   Next: 23%
Magic:  9/9        EV:  8    Int:  7    God:    Trog [**....]
Gold:   296        SH:  5    Dex: 10    Spells: 8/8 levels left

rFire   . . .        x - +2 flail (heavy)
rCold   . . .        (no shield)
rNeg    . . .        l - +0 plate armour
rPois   +            m - +0 helmet
rElec   .            (no cloak)
rCorr   .            (no gloves)
SInv    .            (no boots)
Will    .....        y - amulet of reflection Stlth
                     f - ring of poison resistance
HPRegen 0.33/turn    q - +4 ring of protection
MPRegen 0.11/turn

%: reflection
@: on berserk cooldown, slowed, very slow
A: no striking features
a: Renounce Religion, Berserk, Trog's Hand


You were on level 6 of the Dungeon.
You worshipped Trog.
Trog was pleased with you.
You visited 1 branch of the dungeon, and saw 6 of its levels.

You collected 356 gold pieces.
You spent 60 gold pieces at shops.

Inventory:

Hand Weapons
 a - a +0 hand axe
 o - a +2 vampiric whip
 x - a +2 heavy flail (weapon)
Missiles
 i - a throwing net
 k - 9 curare-tipped darts
 p - 4 poisoned darts (quivered)
Armour
 l - a +0 plate armour (worn)
 m - a +0 helmet (worn)
 s - a +0 chain mail
Jewellery
 e - a ring of ice
 f - a ring of poison resistance (left hand)
 q - a +4 ring of protection (right hand)
 y - an amulet of reflection (around neck)
Wands
 n - a wand of digging (6)
 A - a wand of charming (8)
Scrolls
 c - 3 scrolls of immolation
 d - 7 scrolls of identify
 g - 2 scrolls of blinking {unknown}
 h - a scroll of butterflies {unknown}
 j - 2 scrolls of amnesia {unknown}
 t - a scroll of revelation {unknown}
 w - 2 scrolls of teleportation {unknown}
Potions
 b - a potion of magic
 r - a potion of mutation
 u - a potion of attraction {unknown}
 v - a potion of resistance {unknown}
 z - a potion of lignification


   Skills:
 + Level 6.4 Fighting
 * Level 9.5(10.4) Axes
 + Level 5.5(7.5) Maces & Flails
 + Level 0.4 Throwing
 * Level 6.4 Armour
 + Level 3.4 Dodging
 + Level 0.6 Stealth
 + Level 0.1 Shields


You had 8 spell levels left.
You didn't know any spells.
Your spell library was empty.

Dungeon Overview and Level Annotations

Branches:
Dungeon (6/15)
 Temple: D:4-7

Altars:
Cheibriados
Dithmenos
Hepliaklqana
Kikubaaqudgha
Makhleb
Qazlal
Trog
Uskayaw
Xom

Shops:
D:4 =   D:5 [:(??   D:6 *


Message History

You miss the ufetubus.
The ufetubus hits you but does no damage. x2
The ufetubus slips past you!
The ufetubus hits you but does no damage.
The ufetubus barely misses you.
The ufetubus hits you but does no damage. x2
You block the ufetubus's attack. The ufetubus closely misses you.
Something hits you but does no damage.
The ufetubus hits you but does no damage. x2
The ufetubus barely misses you. The ufetubus hits you.
* * * LOW HITPOINT WARNING * * *
Something hits you but does no damage. The ufetubus closely misses you.
The ufetubus hits you but does no damage.
You miss something. You block the ufetubus's attack.
The ufetubus barely misses you. The ufetubus closely misses you.
The ufetubus barely misses you. x2
The ufetubus hits you but does no damage.
You hear some strange, mumbled words.
A magic dart appears from out of thin air!
The magic dart hits you but does no damage.
The ufetubus hits you but does no damage. x2
The ufetubus closely misses you.
The ufetubus hits you but does no damage. x3
Something hits you but does no damage.
Okay, then.
As you read the scroll labelled QOGASO OTHRIRYCI, it crumbles to dust.
The creatures around you are filled with an inner flame!
It was a scroll of immolation.
The ufetubus barely misses you. You block the ufetubus's attack.
The ufetubus barely misses you.
The ufetubus hits you but does no damage.
Something hits you but does no damage. The ufetubus hits you.
* * * LOW HITPOINT WARNING * * *
The ufetubus hits you but does no damage. x2
The ufetubus closely misses you. Something hits you but does no damage.
The ufetubus slips past you! The ufetubus barely misses you. x2
You sock the ufetubus! Trog accepts your kill.
The ufetubus explodes!
The fiery explosion engulfs you!!
You die...

.# .## . #.# # #...#
..# .#.# #...# ..##
#...#..# . #....#
#...#.)###
#...#...{@5#######
..#..#####§§#....#
#..# ##§#....# #
#......# ##.....#
#######'######
.........))..#######
..........##.#......
..........##........


You could see an ufetubus (inner flame).

Vanquished Creatures
  Jeremiah (D:6)
  Grinder (D:3)
  A water moccasin (D:5)
  An orc warrior (D:5)
  3 black bears (D:4)
  A sky beast (D:6)
  An ogre (D:5)
  2 phantoms
  A bullfrog (D:5)
  4 wights (D:6)
  2 bombardier beetles
  A hound (D:4)
  An orc priest (D:6)
  3 iguanas
  2 orc wizards (D:5)
  Robin (D:3)
  8 adders
  3 gnolls
  3 ufetubi (D:6)
  A ribbon worm (D:4)
  2 dart slugs (D:2)
  13 orcs
  8 ball pythons
  4 bats
  6 endoplasms
  13 giant cockroaches
  16 goblins
  7 hobgoblins
  2 jackals (D:1)
  5 quokkas
  A frilled lizard (D:3)
  4 kobolds
  4 rats
126 creatures vanquished.

Notes
Turn   | Place    | Note
-------+----------+-------------------------------------------
     0 | D:1      | Logoto the Hill Orc Berserker began the quest for the Orb.
     0 | D:1      | Reached XP level 1. HP: 19/19 MP: 1/1
   189 | D:1      | Found a faded altar of an unknown god.
   237 | D:1      | Reached XP level 2. HP: 26/27 MP: 2/2
   926 | D:1      | Reached XP level 3. HP: 33/33 MP: 3/3
  1011 | D:2      | Reached skill level 5 in Axes
  1142 | D:2      | Reached XP level 4. HP: 40/40 MP: 4/4
  1169 | D:2      | Reached ** piety under Trog
  1674 | D:3      | Found a stormy altar of Qazlal.
  1783 | D:3      | Noticed Robin
  1899 | D:3      | Killed Robin
  2004 | D:3      | Found a hazy altar of Hepliaklqana.
  2028 | D:3      | Reached skill level 6 in Axes
  2070 | D:3      | Reached XP level 5. HP: 46/47 MP: 5/5
  2355 | D:3      | Noticed Grinder
  2368 | D:3      | Paralysed by Grinder for 2 turns
  2377 | D:3      | Killed Grinder
  2378 | D:3      | Reached skill level 7 in Axes
  2378 | D:3      | Reached XP level 6. HP: 41/53 MP: 6/6
  2735 | D:4      | Found Ganaull's Jewellery Shoppe.
  2816 | D:4      | Noticed a black bear
  2836 | D:5      | Entered Level 5 of the Dungeon
  2837 | D:5      | Found Kiofucum's Magic Scroll Boutique.
  2859 | D:5      | Reached skill level 1 in Maces & Flails
  2861 | D:5      | Reached skill level 5 in Fighting
  2861 | D:5      | Reached XP level 7. HP: 43/61 MP: 7/7
  2898 | D:4      | Reached skill level 8 in Axes
  3041 | D:4      | Found a bloodstained altar of Trog.
  3485 | D:4      | Reached XP level 8. HP: 68/68 MP: 8/8
  3700 | D:4      | Found a hide-covered altar of Uskayaw.
  3848 | D:4      | Found a snail-covered altar of Cheibriados.
  4144 | D:4      | Found a burning altar of Makhleb.
  4152 | D:4      | Found a shadowy altar of Dithmenos.
  4230 | D:5      | Found Kiphidgh's Magic Scroll Boutique.
  4250 | D:5      | Bought 2 scrolls of identify for 60 gold pieces
  4253 | D:5      | Found Sookleidd's Weapon Shop.
  4263 | D:5      | Found Ryaviab's Armour Shoppe.
  4311 | D:5      | Found Nunerghu's Book Shoppe.
  4385 | D:5      | Reached skill level 5 in Armour
  4793 | D:5      | Reached skill level 9 in Axes
  5086 | D:5      | Found an ancient bone altar of Kikubaaqudgha.
  5176 | D:6      | Found Coigiul's Overcharged Wands.
  5293 | D:6      | Found a shimmering altar of Xom.
  5301 | D:6      | Noticed Jeremiah
  5402 | D:6      | Killed Jeremiah
  5403 | D:6      | Reached skill level 5 in Maces & Flails
  5403 | D:6      | Reached XP level 9. HP: 65/75 MP: 9/9
  5641 | D:6      | Killed by an exploding ufetubus... ignited by their inner
                  | flame

Illustrated notes

Levels and vault maps discovered:
D:1:      dpeg_arrival_signposts, layout_loops_ring,
          shapermc_ecumenical_altar_mp_ritualfount
D:2:      minmay_roachtagon, layout_basic
D:3:      wad_woods_tower, layout_basic, nicolae_hepliaklqana_hippocampus,
          mainiacjoe_overflow_small_starburst, uniq_robin, uniq_grinder
D:4:      black_bear_nest_2, layout_basic, slow_altar_2, trog_ov_bears_minmay,
          nicolae_uskayaw_dance_hall, mainiacjoe_overflow_big_doors,
          minmay_misc_feat_plants, nicolae_stop_n_shop_2, minivault_23
D:5:      layout_loops_ring, general_overflow_altar, serial_shops, shop, shop,
          nicolae_book_shop_shelving, shop_fountains, shop,
          hangedman_abyss_or_decor_passed, minivault_24,
          minmay_fractal_squares_5
D:6:      layout_basic, amcnicky_altar_gilded, hex_medium,
          nicolae_shop_overcharged_wands, uniq_jeremiah

Skill      XL: |  1  2  3  4  5  6  7  8 |
---------------+-------------------------+-----
Fighting       | 4 5 6 |  6.4
Axes           | 5 6 7 8 9 |  9.5
Dodging        | 2 3 |  3.4
Armour         | 3 4 6 |  6.4
Maces & Flails | 1 2 5 |  5.5
Throwing       | |  0.4
Stealth        | |  0.6
Shields        | |  0.1

Action                     |  1- 3 |  4- 6 |  7- 9 || total
---------------------------+-------+-------+-------++-------
  Melee: Hand axe          |    98 |    74 |       ||   172
         Punch             |     1 |     1 |     4 ||     6
         Whip              |       |    48 |   170 ||   218
         Flail             |       |       |    61 ||    61
  Throw: Dart              |       |       |     4 ||     4
 Invoke: Berserk           |     5 |     7 |    10 ||    22
    Use: Scroll            |       |       |     5 ||     5
         Potion            |       |       |     1 ||     1
 Armour: Animal skin       |    76 |    38 |       ||   114
         Leather armour    |       |    36 |    47 ||    83
         Skin              |       |     1 |    26 ||    27
         Chain mail        |       |       |    31 ||    31
         Plate armour      |       |       |   178 ||   178
         Ring mail         |       |       |    13 ||    13
  Dodge: Dodged            |    97 |    89 |   126 ||   312
  Block: Other             |       |       |    26 ||    26
